 Dungeon Crawl Stone Soup version 0.25.1-2-g60ff931df9 (webtiles) character file.

Game seed: 9106358987246293989

450 Exodus22XD the Slasher (level 7, -4/55 HPs)
             Began as a Human Berserker on Oct 17, 2020.
             Was a Believer of Trog.
             Killed from afar by an orc wizard (5 damage)
             ... with a magic dart
             ... on level 4 of the Dungeon.
             The game lasted 00:02:19 (2140 turns).

Exodus22XD the Slasher (Human Berserker)            Turns: 2140, Time: 00:02:19

Health: -4/55      AC:  3    Str: 19    XL:     7   Next: 25%
Magic:  7/7        EV: 13    Int:  7    God:    Trog [**....]
Gold:   65         SH:  0    Dex: 13    Spells: 6/6 levels left

rFire    . . .     SeeInvis .   a - +0 falchion
rCold    . . .     Gourm    .   (no shield)
rNeg     . . .     Faith    .   b - +0 animal skin
rPois    .         Spirit   .   (no helmet)
rElec    .         Reflect  .   (no cloak)
rCorr    .         Harm     .   e - +0 pair of gloves
MR       .....                  (no boots)
Stlth    +.........             (no amulet)
HPRegen  0.18/turn              (no ring)
MPRegen  0.10/turn              (no ring)

@: confused, berserk cooldown, slowed, very slow
A: no striking features
a: Berserk, Trog's Hand, Renounce Religion


You were on level 4 of the Dungeon.
You worshipped Trog.
Trog was pleased with you.
You were very hungry.

You visited 1 branch of the dungeon, and saw 3 of its levels.

You collected 65 gold pieces.

Inventory:

Hand Weapons
 a - a +0 falchion (weapon)
 k - a +1 short sword of speed
Armour
 b - a +0 animal skin (worn)
 e - a +0 pair of gloves (worn)
Jewellery
 h - a cursed ring of attention {unknown}
Scrolls
 d - a scroll of remove curse {unknown}
 g - a scroll of fear {unknown}
 i - a scroll of immolation {unknown}
 j - a scroll of enchant armour {unknown}
 o - a scroll of identify {unknown}
Potions
 f - a potion of flight {unknown}
 l - a potion of heal wounds
 n - a potion of might {unknown}
Comestibles
 c - 6 rations
 m - 3 chunks of flesh


   Skills:
 + Level 4.6 Fighting
 + Level 5.9 Long Blades
 + Level 2.1 Armour
 + Level 3.7 Dodging


You had 6 spell levels left.
You didn't know any spells.
Your spell library was empty.

Dungeon Overview and Level Annotations

Branches:
Dungeon (2/15)             Temple (0/1) D:4

Altars:
The Shining One


Message History

You miss something. Something hits you but does no damage.
You miss something. Something barely misses you.
You hear some strange, mumbled words.
You are confused.
Something hits you but does no damage. Something hits you but does no damage.
Something hits you.
* * * LOW HITPOINT WARNING * * *
Items here: )) [[ † a +0 dagger; a +0 robe; a +0 dagger; a +0 robe; an orc corpse You bump into the rock wall.
Something hits you.
* * * LOW HITPOINT WARNING * * *
You hit something but do no damage.
You hear some strange, mumbled words.
A magic dart appears from out of thin air!
The magic dart hits you.
* * * LOW HITPOINT WARNING * * *
You hear some strange, mumbled words.
A magic dart appears from out of thin air!
The magic dart hits you.
You die...

####### ##### ####.....
#...###....###
#....##....#.#
#....#...###. ##
#......#.#.. ..#
##..#...)#'#.###.. ###
#..##...){.#.#%...
##.###......##@.###.(..
#.....#.#.##..#.....#.#
#.....................#
###.##...###.#....#######
..#......# ###..###
...........##....#
.............>.###
.............#.#
.............#...


There were no monsters in sight!

Vanquished Creatures
  Duvessa (D:4)
  An ogre (D:4)
  Dowan (D:4)
  A centaur skeleton (D:4)
  A bullfrog skeleton (D:4)
  3 orc wizards (D:4)
  3 adders (D:2)
  An adder skeleton (D:4)
  A leopard gecko (D:2)
  An orc (D:4)
  6 bats
  2 giant cockroaches
  4 goblins (D:1)
  4 hobgoblins
  5 jackals
  A ball python (D:1)
  3 frilled lizards (D:1)
  5 kobolds
  A leopard gecko skeleton (D:4)
  4 rats
49 creatures vanquished.

Notes
Turn   | Place    | Note
-------+----------+-------------------------------------------
     0 | D:1      | Exodus22XD the Human Berserker began the quest for the Orb.
     0 | D:1      | Reached XP level 1. HP: 18/18 MP: 1/1
    46 | D:1      | Reached XP level 2. HP: 24/24 MP: 2/2
   535 | D:1      | Found a glowing golden altar of the Shining One.
   624 | D:1      | Reached XP level 3. HP: 29/29 MP: 3/3
   625 | D:1      | Reached ** piety under Trog
   745 | D:1      | You fall into a shaft and drop 1 floor!
  1301 | D:2      | Reached XP level 4. HP: 33/35 MP: 4/4
  1516 | D:2      | Reached skill level 4 in Long Blades
  1604 | D:2      | You fall into a shaft and drop 2 floors!
  1635 | D:4      | Noticed Duvessa
  1636 | D:4      | Noticed Dowan
  1645 | D:4      | Reached XP level 5. HP: 26/42 MP: 5/5
  1646 | D:4      | Killed Duvessa
  1646 | D:4      | Reached XP level 6. HP: 19/48 MP: 6/6
  1651 | D:4      | Killed Dowan
  1651 | D:4      | Reached skill level 5 in Long Blades
  1869 | D:4      | Found a staircase to the Ecumenical Temple.
  1995 | D:4      | Noticed an ogre
  2004 | D:4      | Killed an ogre
  2004 | D:4      | Reached XP level 7. HP: 55/55 MP: 7/7
  2140 | D:4      | HP: 1/55 [something/magic dart (5)]
  2140 | D:4      | Killed from afar by an orc wizard

Illustrated notes

Levels and vault maps discovered:
D:1:      giann_wishing_wells, layout_loops_ring, tso_altar
D:2:      layout_basic
D:4:      layout_cave_pools, nicolae_ru_the_path_less_chosen,
          minmay_temple_entry_mini_moons, minmay_a_box_with_orc_wizards_in_it,
          uniq_duvessa, uniq_grinder

Skill      XL: |  1  2  3  4  5  6 |
---------------+-------------------+-----
Long Blades    | 4 5 |  5.9
Fighting       | 4 |  4.6
Dodging        | 3 |  3.7
Armour         | |  2.1

Action                   |  1- 3 |  4- 6 |  7- 9 || total
-------------------------+-------+-------+-------++-------
Melee: Falchion          |    88 |    77 |    26 ||   191
Invok: Berserk           |     1 |     2 |     1 ||     4
  Use: Potion            |       |       |     1 ||     1
  Eat: Chunk             |     1 |     4 |     2 ||     7
Armor: Animal skin       |    23 |    16 |     7 ||    46
Dodge: Dodged            |    73 |    52 |    13 ||   138
       Rpst.: Falchion   |    20 |    13 |     3 ||    36
